PAA
LITTLE CAESARS HOT N READYS @ LANNISTER UNITED LIONHEARTS
09/01/2028
 
TOP OF THE 1ST
Little Caesars Hot N Readys batting - Pitching for Lannister United Lionhearts : LHP Won-min Yi
Pitching: LHP Won-min Yi
Batting: LHB Pedro García 0-0: Called Strike
0-1: Ball
1-1: Ball
2-1: Swinging Strike
2-2: Fly out, F6 (Popup, 56D)
Batting: RHB Mike Taylor 0-0: Ground out 4-3 (Groundball, 4D)
Batting: RHB Lorenzo Ruíz 0-0: Called Strike
0-1: Foul Ball, location: 2F
0-2: Foul Ball, location: 2F
0-2: Ball
1-2: SINGLE (Flyball, 8RS)
Batting: RHB Luis Aragón 0-0: Ball
1-0: Called Strike
1-1: Called Strike
1-2: Foul Ball, location: 2F
1-2: Strikes out swinging
Top of the 1st over - 0 run(s), 1 hit(s), 0 error(s), 1 left on base; Little Caesars 0 - Lannister United 0
BOTTOM OF THE 1ST
Lannister United Lionhearts batting - Pitching for Little Caesars Hot N Readys : LHP Kent Scalici
Pitching: LHP Kent Scalici
Batting: RHB Rob Berry 0-0: Ground out 5-3 (Groundball, 56S)
Batting: LHB Steven Mitchell 0-0: Ball
1-0: Foul Ball, location: 2F
1-1: Foul Ball, location: 2F
1-2: Ground out 4-3 (Groundball, 4S)
Batting: RHB Andrés Escobar 0-0: Ball
1-0: Foul Ball, location: 2F
1-1: Foul Ball, location: 2F
1-2: Ball
2-2: Ball
3-2: Ground out 4-3 (Groundball, 4M)
Bottom of the 1st over - 0 run(s), 0 hit(s), 0 error(s), 0 left on base; Little Caesars 0 - Lannister United 0
TOP OF THE 2ND
Little Caesars Hot N Readys batting - Pitching for Lannister United Lionhearts : LHP Won-min Yi
Batting: RHB Júlio Morín 0-0: Called Strike
0-1: Ball
1-1: Swinging Strike
1-2: Foul Ball, location: 2F
1-2: Strikes out swinging
Batting: LHB Sean Angwin 0-0: Ball
1-0: Ball
2-0: Ball
3-0: Called Strike
3-1: Base on Balls
Batting: SHB Tony Gutiérrez 0-0: Called Strike
0-1: Swinging Strike
0-2: Strikes out swinging
Batting: SHB Bernard Gauthier 0-0: Ball
1-0: Swinging Strike
1-1: Fielders Choice at 2nd, 4-6 (Groundball, 4)
Top of the 2nd over - 0 run(s), 0 hit(s), 0 error(s), 0 left on base; Little Caesars 0 - Lannister United 0
BOTTOM OF THE 2ND
Lannister United Lionhearts batting - Pitching for Little Caesars Hot N Readys : LHP Kent Scalici
Batting: RHB Carlos Pacheco 0-0: Called Strike
0-1: SINGLE (Groundball, 6D)
Batting: SHB Zachary Burriss 0-0: Swinging Strike
0-1: Swinging Strike
0-2: Strikes out looking
Batting: RHB Albert Covington 0-0: Ball
1-0: Ground out 3-1 (Groundball, 34S)
Carlos Pacheco to second
Batting: RHB Breanainn Swartwood 0-0: Foul Ball, location: 2F
0-1: Called Strike
0-2: Foul Ball, location: 2F
0-2: Ball
1-2: Strikes out swinging, 2-3 out at first.
Bottom of the 2nd over - 0 run(s), 1 hit(s), 0 error(s), 1 left on base; Little Caesars 0 - Lannister United 0
TOP OF THE 3RD
Little Caesars Hot N Readys batting - Pitching for Lannister United Lionhearts : LHP Won-min Yi
Batting: SHB Allen Pandey 0-0: Ball
1-0: Ball
2-0: Fly out, F7 (Flyball, 7S)
Batting: LHB Pedro García 0-0: Called Strike
0-1: SINGLE (Line Drive, 56D)
Batting: RHB Mike Taylor 0-0: Ball
1-0: Fly out, F4 (Popup, 34)
Batting: RHB Lorenzo Ruíz 0-0: Fielders Choice at 2nd, 6-4 (Groundball, 56)
Top of the 3rd over - 0 run(s), 1 hit(s), 0 error(s), 0 left on base; Little Caesars 0 - Lannister United 0
BOTTOM OF THE 3RD
Lannister United Lionhearts batting - Pitching for Little Caesars Hot N Readys : LHP Kent Scalici
Batting: RHB Ron Morton 0-0: SINGLE (Groundball, 6D)
Batting: RHB Arturo Sánchez 0-0: Foul Ball, location: 2F
0-1: Fielders Choice at 2nd, 6-4 (Groundball, 56)
Batting: RHB Rob Berry 0-0: Foul Ball, location: 2F
0-1: Ball
1-1: Ball
2-1: Foul Ball, location: 2F
2-2: Foul Ball, location: 2F
2-2: Foul Ball, location: 2F
2-2: Strikes out swinging
Batting: LHB Steven Mitchell 0-0: Called Strike
0-1: Ground out U3 (Groundball, 34S)
Bottom of the 3rd over - 0 run(s), 1 hit(s), 0 error(s), 1 left on base; Little Caesars 0 - Lannister United 0
TOP OF THE 4TH
Little Caesars Hot N Readys batting - Pitching for Lannister United Lionhearts : LHP Won-min Yi
Batting: RHB Luis Aragón 0-0: Called Strike
0-1: SINGLE (Groundball, 6D)
Batting: RHB Júlio Morín 0-0: Called Strike
0-1: Grounds into double play, 6-4-3 (Groundball, 6)
Batting: LHB Sean Angwin 0-0: Ball
1-0: Swinging Strike
1-1: SINGLE (Groundball, 6MD)
Batting: SHB Tony Gutiérrez 0-0: Ball
1-0: Ball
2-0: Ball
3-0: Base on Balls
Sean Angwin to second
Batting: SHB Bernard Gauthier 0-0: Fly out, F7 (Flyball, 78D)
Top of the 4th over - 0 run(s), 2 hit(s), 0 error(s), 2 left on base; Little Caesars 0 - Lannister United 0
BOTTOM OF THE 4TH
Lannister United Lionhearts batting - Pitching for Little Caesars Hot N Readys : LHP Kent Scalici
Batting: RHB Andrés Escobar 0-0: Called Strike
0-1: Fly out, F8 (Line Drive, 8LM)
Batting: RHB Carlos Pacheco 0-0: Ball
1-0: Ground out 4-3 (Groundball, 4MD)
Batting: SHB Zachary Burriss 0-0: Ball
1-0: Called Strike
1-1: Ball
2-1: Ball
3-1: Swinging Strike
3-2: Base on Balls
Batting: RHB Albert Covington 0-0: Ball
1-0: Fielders Choice at 2nd, 6-4 (Groundball, 6)
Bottom of the 4th over - 0 run(s), 0 hit(s), 0 error(s), 0 left on base; Little Caesars 0 - Lannister United 0
TOP OF THE 5TH
Little Caesars Hot N Readys batting - Pitching for Lannister United Lionhearts : LHP Won-min Yi
Batting: SHB Allen Pandey 0-0: SINGLE (Line Drive, 8LS)
Batting: LHB Pedro García 0-0: Sac Bunt - play at first, batter OUT! 2-4
Allen Pandey to second
Batting: RHB Mike Taylor 0-0: Called Strike
0-1: DOUBLE (Line Drive, 8LXD)
Allen Pandey scores
Batting: RHB Lorenzo Ruíz 0-0: Called Strike
0-1: Ball
1-1: SINGLE (Line Drive, 8RS)
Mike Taylor to third
Batting: RHB Luis Aragón 0-0: Grounds into double play, 6-4-3 (Groundball, 6)
Top of the 5th over - 1 run(s), 3 hit(s), 0 error(s), 1 left on base; Little Caesars 1 - Lannister United 0
BOTTOM OF THE 5TH
Lannister United Lionhearts batting - Pitching for Little Caesars Hot N Readys : LHP Kent Scalici
Batting: RHB Breanainn Swartwood 0-0: SOLO HOME RUN (Flyball, 78XD), Distance : 413 ft
Batting: RHB Ron Morton 0-0: SINGLE (Groundball, 34D)
Batting: RHB Arturo Sánchez 0-0: SINGLE (Groundball, 56S) (infield hit)
Ron Morton to second
Batting: RHB Rob Berry 0-0: Bunted foul
0-1: Bunt missed!
0-2: Ball
1-2: Strikes out looking
Batting: LHB Steven Mitchell 0-0: Foul Ball, location: 2F
0-1: Ball
1-1: Ball
2-1: Fly out, F2 (Popup, 25)
Batting: RHB Andrés Escobar 0-0: Fly out, F9 (Line Drive, 9D)
Bottom of the 5th over - 1 run(s), 3 hit(s), 0 error(s), 2 left on base; Little Caesars 1 - Lannister United 1
TOP OF THE 6TH
Little Caesars Hot N Readys batting - Pitching for Lannister United Lionhearts : LHP Won-min Yi
Batting: RHB Júlio Morín 0-0: Swinging Strike
0-1: Ball
1-1: Ball
2-1: Ball
3-1: Swinging Strike
3-2: Base on Balls
Batting: LHB Sean Angwin 0-0: Called Strike
0-1: Ball
1-1: Bunted foul
1-2: Fly out, F8 (Flyball, 8RM)
Batting: SHB Tony Gutiérrez 0-0: Swinging Strike
0-1: Called Strike
0-2: Strikes out looking
Batting: SHB Bernard Gauthier 0-0: Ball
1-0: Called Strike
1-1: Foul Ball, location: 2F
1-2: Fielders Choice at 2nd, 5-4 (Groundball, 56)
Top of the 6th over - 0 run(s), 0 hit(s), 0 error(s), 0 left on base; Little Caesars 1 - Lannister United 1
BOTTOM OF THE 6TH
Lannister United Lionhearts batting - Pitching for Little Caesars Hot N Readys : LHP Kent Scalici
Batting: RHB Carlos Pacheco 0-0: Ball
1-0: Foul Ball, location: 2F
1-1: SINGLE (Groundball, 6MD)
Batting: SHB Zachary Burriss 0-0: Ball
1-0: Called Strike
1-1: Grounds into double play, 6-4-3 (Groundball, 6)
Batting: RHB Albert Covington 0-0: Ball
1-0: Ground out 6-3 (Groundball, 6)
Bottom of the 6th over - 0 run(s), 1 hit(s), 0 error(s), 0 left on base; Little Caesars 1 - Lannister United 1
TOP OF THE 7TH
Little Caesars Hot N Readys batting - Pitching for Lannister United Lionhearts : LHP Won-min Yi
Pinch Hitting: LHB Lance Antle 0-0: Foul Ball, location: 2F
0-1: Ball
1-1: Ground out 4-3 (Groundball, 34D)
Pinch Hitting: RHB Jackie Coogan 0-0: Ball
1-0: Called Strike
1-1: Called Strike
1-2: Foul Ball, location: 2F
1-2: Ball
2-2: Strikes out swinging
Batting: RHB Mike Taylor 0-0: Fly out, F9 (Flyball, 89S)
Top of the 7th over - 0 run(s), 0 hit(s), 0 error(s), 0 left on base; Little Caesars 1 - Lannister United 1
BOTTOM OF THE 7TH
Lannister United Lionhearts batting - Pitching for Little Caesars Hot N Readys : LHP Kent Scalici
Now at SS: Jackie Coogan
Now in LF: Lance Antle
Pinch Hitting: RHB Miguel Uribe 0-0: Ball
1-0: Ball
2-0: Called Strike
2-1: Ball
3-1: Called Strike
3-2: Foul Ball, location: 2F
3-2: Ground out 4-3 (Groundball, 4)
Batting: RHB Ron Morton 0-0: Ball
1-0: Swinging Strike
1-1: Ball
2-1: Ball
3-1: Base on Balls
Batting: RHB Arturo Sánchez Pickoff Throw to First - Error! E1
Ron Morton to second
0-0: Ground out 5-3 (Groundball, 56)
Batting: RHB Rob Berry 0-0: Foul Ball, location: 2F
0-1: Ball
1-1: Ball
2-1: Called Strike
2-2: Ball
3-2: SINGLE (Groundball, 56D)
Ron Morton to third
Ron Morton scores
Batting: LHB Steven Mitchell 0-0: Ball
1-0: Swinging Strike
1-1: Ball
2-1: Swinging Strike
2-2: Ball
3-2: Strikes out swinging
Bottom of the 7th over - 1 run(s), 1 hit(s), 1 error(s), 1 left on base; Little Caesars 1 - Lannister United 2
TOP OF THE 8TH
Little Caesars Hot N Readys batting - Pitching for Lannister United Lionhearts : LHP Won-min Yi
Now at 2B: Howard Barton
Batting: RHB Lorenzo Ruíz 0-0: Called Strike
0-1: Swinging Strike
0-2: Ball
1-2: Ball
2-2: Fly out, F8 (Flyball, 8RM)
Batting: RHB Luis Aragón 0-0: Called Strike
0-1: Fly out, F7 (Line Drive, 78D)
Batting: RHB Júlio Morín 0-0: Called Strike
0-1: Foul Ball, location: 2F
0-2: Ball
1-2: Foul Ball, location: 2F
1-2: Foul Ball, location: 2F
1-2: Fly out, F8 (Flyball, 8RD)
Top of the 8th over - 0 run(s), 0 hit(s), 0 error(s), 0 left on base; Little Caesars 1 - Lannister United 2
BOTTOM OF THE 8TH
Lannister United Lionhearts batting - Pitching for Little Caesars Hot N Readys : LHP Kent Scalici
Batting: RHB Andrés Escobar 0-0: Ball
1-0: Called Strike
1-1: Foul Ball, location: 2F
1-2: SINGLE (Line Drive, 56)
Batting: RHB Carlos Pacheco 0-0: Foul Ball, location: 2F
0-1: Ball
1-1: Foul Ball, location: 2F
1-2: SINGLE (Line Drive, 4MD)
Andrés Escobar to second
Pinch Hitting: LHB Colin Worthington 0-0: Called Strike
0-1: Swinging Strike
0-2: Foul Ball, location: 2F
0-2: Strikes out looking
Pinch Hitting: RHB Seth Rollins 0-0: Ball
Andrés Escobar steals 3rd base
Carlos Pacheco to second
1-0: Intentional Walk
Batting: RHB Howard Barton 0-0: Called Strike
0-1: Ball
1-1: Ball
2-1: Foul Ball, location: 2F
2-2: Ball
3-2: SINGLE (Groundball, 6MD)
Andrés Escobar scores
Carlos Pacheco to third
Seth Rollins to second
Batting: RHB Ron Morton 0-0: Ball
1-0: Called Strike
1-1: DOUBLE (Line Drive, 78M)
Carlos Pacheco scores
Seth Rollins scores
Howard Barton to third
Batting: RHB Arturo Sánchez 0-0: Ball
1-0: Ball
2-0: Foul Ball, location: 2F
2-1: Called Strike
2-2: Ball
3-2: Ground out 6-3 (Groundball, 6S)
Howard Barton scores
Ron Morton to third
Pitching: LHP Darrin Najera
Batting: RHB Rob Berry 0-0: Ball
1-0: Called Strike
1-1: Ground out 6-3 (Groundball, 6)
Bottom of the 8th over - 4 run(s), 4 hit(s), 0 error(s), 1 left on base; Little Caesars 1 - Lannister United 6
TOP OF THE 9TH
Little Caesars Hot N Readys batting - Pitching for Lannister United Lionhearts : LHP Won-min Yi
Now at 1B: John O'Day
Now at 3B: Daniel Godart
Batting: LHB Sean Angwin 0-0: Called Strike
0-1: Fly out, F8 (Flyball, 8LM)
Batting: SHB Tony Gutiérrez 0-0: Ball
1-0: Swinging Strike
1-1: Swinging Strike
1-2: Ball
2-2: Ball
3-2: Ground out 6-3 (Groundball, 6)
Batting: SHB Bernard Gauthier 0-0: Swinging Strike
0-1: Ball
1-1: Foul Ball, location: 2F
1-2: Foul Ball, location: 2F
1-2: Ball
2-2: Fly out, F9 (Flyball, 9LSF)
Top of the 9th over - 0 run(s), 0 hit(s), 0 error(s), 0 left on base; Little Caesars 1 - Lannister United 6
Thursday, August 31st, 2017 - OOTP Baseball 17.12 Build 75